 Dungeon Crawl Stone Soup version 0.31-a0-187-gba352fbbf7 (webtiles) character file.

Game seed: 2444379485551756005

1008 qw the Skirmisher (level 8, -3/44 HPs)
             Began as a Deep Elf Hunter on June 22, 2023.
             Succumbed to a hornet's poison
             ... on level 4 of the Dungeon.
             The game lasted 00:02:06 (4086 turns).

qw the Skirmisher (Deep Elf Hunter)                 Turns: 4086, Time: 00:02:07

Health: -3/44      AC:  8    Str: 10    XL:     8   Next: 1%
Magic:  10/10      EV: 11    Int: 15    God:
Gold:   149        SH:  0    Dex: 18    Spells: 7/7 levels left

rFire   . . .        Y - +1 shortbow
rCold   . . .        (shield currently unavailable)
rNeg    . . .        f - +0 ring mail
rPois   .            (no helmet)
rElec   .            (no cloak)
rCorr   .            k - +1 pair of gloves
SInv    .            g - +0 pair of boots
Will    .....        (no amulet)
Stlth   +            (no ring)
HPRegen 0.27/turn    (no ring)
MPRegen 0.12/turn

%: no passive effects
@: lethally poisoned (-3 -> -17), about to teleport, slowed, very slow
A: no striking features
a: no special abilities


You were on level 4 of the Dungeon.
You visited 1 branch of the dungeon, and saw 7 of its levels.
You also visited: Ossuary.

You collected 149 gold pieces.


   Skills:
 + Level 2.2 Fighting
 - Level 12.1 Ranged Weapons
 - Level 1.9 Armour
 - Level 3.0 Dodging
 - Level 1.2 Stealth


You had 7 spell levels left.
You didn't know any spells.
Your spell library was empty.

Inventory:

Hand Weapons
 Y - a +1 shortbow (weapon)
Armour
 f - a +0 ring mail (worn)
 g - a +0 pair of boots (worn)
 k - a +1 pair of gloves (worn)
 m - a +1 ring mail of positive energy
Wands
 l - a wand of digging (3)
Scrolls
 d - 2 scrolls of identify
Potions
 b - a potion of enlightenment
 c - a potion of ambrosia {unknown}
 e - a potion of curing
 h - 5 potions of heal wounds
 i - a potion of haste
 j - a potion of resistance

Dungeon Overview and Level Annotations

Branches:
Dungeon (7/15)            Ossuary (visited)
 Temple: D:4-7

Altars:
The Shining One


Message History

Enter note:
Enter note: You shoot an arrow.
The hornet buzzes angrily.
The arrow hits the hornet!
The hornet is moderately wounded.
You shoot an arrow. The arrow hits the hornet!
The hornet is heavily wounded.
You shoot an arrow. The arrow hits the hornet.
The hornet is severely wounded.
You shoot an arrow.
The arrow hits the hornet but does no damage.
The hornet is severely wounded.
You shoot an arrow. The arrow closely misses the hornet.
The hornet stings you but does no damage.
You shoot an arrow. The arrow closely misses the hornet.
The hornet stings you.
You suddenly lose the ability to move!
The hornet stings you but does no damage.
The hornet stings you but does no damage.
The hornet stings you.
You are poisoned.
You feel yourself slow down. The hornet stings you!
You feel as though you will be slow longer.
You can move again.
You shoot an arrow. The arrow misses the hornet.
You feel very sick. The hornet stings you!
You feel as though you will be slow longer.
The hornet stings you.
You are lethally poisoned!
You shrug off the repeated paralysis!
You shoot an arrow. The arrow hits the hornet.
The hornet is severely wounded.
You feel very sick. The hornet stings you!
You shrug off the repeated paralysis!
The hornet barely misses you.
4086 ||| READING scroll of teleportation.
As you read the scroll of teleportation, it crumbles to dust.
You feel strangely unstable.
You die...

..# #.....# #.# .#
..###..##'###.# ..
#.)....#...##.# .#
######......#.# .## ##
##........# ..
.####.....>...# .##
....+.........+ ..[#.
.####.........####.....$
## ##.......#..@y[$.#
#### ##.....##.###....#
...# ##...###.# #.#.#
##.# ##+## #.# # .# #.#
#.. ##.### #.# ###
.....# ##.##
##.#.###...##
...#.##.....######.


You could see a hornet.

Vanquished Creatures
  A water moccasin (D:7)
  A sky beast (D:7)
  An ice beast (D:5)
  2 ogres
  An elf zombie (Ossuary)
  A human zombie (Ossuary)
  A centaur zombie (Ossuary)
  An orc priest (D:3)
  A hound (D:7)
  A sleepcap (D:6)
  A gnoll bouda (D:7)
  2 orc wizards (D:6)
  Ijyb (D:3)
  2 mummies (Ossuary)
  5 gnolls
  5 adders
  A shadow imp (D:7)
  An adder zombie (Ossuary)
  3 dart slugs
  A worm (D:2)
  11 orcs
  7 endoplasms
  A giant cockroach (D:1)
  10 goblins
  6 hobgoblins
  3 quokkas
  7 ball pythons
  5 bats
  2 frilled lizards
  2 goblin zombies (Ossuary)
  11 hobgoblin zombies (Ossuary)
  3 jackal zombies (Ossuary)
  3 kobolds
  13 kobold zombies (Ossuary)
  3 orc zombies (Ossuary)
  6 rats
  A rat zombie (Ossuary)
127 creatures vanquished.

Notes
Turn   | Place    | Note
-------+----------+-------------------------------------------
     0 | D:1      | qw the Deep Elf Hunter began the quest for the Orb.
     0 | D:1      | Reached XP level 1. HP: 12/12 MP: 3/3
     0 | D:1      | 0 ||| qw: Version: 0.3-a-9-g12657ce
     0 | D:1      | 0 ||| qw: Game counter: 2704
     0 | D:1      | 0 ||| qw: Always use a shield: true
     0 | D:1      | 0 ||| qw: God list: Okawaru
     0 | D:1      | 0 ||| qw: Allow faded altars: false
     0 | D:1      | 0 ||| qw: Do Orc after D:15 true
     0 | D:1      | 0 ||| qw: Do second Lair branch before Depths: true
     0 | D:1      | 0 ||| qw: Lair rune preference: random
     0 | D:1      | 0 ||| qw: Plans: Normal
     0 | D:1      | 0 ||| PLANNING D:1-11
   163 | D:1      | Reached XP level 2. HP: 16/16 MP: 4/4
   220 | D:1      | Reached skill level 6 in Ranged Weapons
   418 | D:1      | 418 ||| UPGRADING to +0 ring mail.
   428 | D:1      | 428 ||| DROPPING +0 leather armour.
   429 | D:1      | 429 ||| UPGRADING to +0 pair of boots.
   434 | D:1      | 434 ||| READING 3 scrolls labelled TEISYPS ANLUR.
   439 | D:1      | 439 ||| READING scroll labelled SUJYQO GOAQEO.
   440 | D:1      | 440 ||| DRINKING 2 yellow potions.
   441 | D:1      | 441 ||| DRINKING 2 metallic green potions.
   442 | D:1      | 442 ||| DROPPING scroll of butterflies.
   443 | D:1      | 443 ||| DROPPING potion of degeneration.
   567 | D:2      | Reached XP level 3. HP: 11/20 MP: 5/5
   712 | D:2      | Reached skill level 7 in Ranged Weapons
  1264 | D:2      | Reached XP level 4. HP: 25/25 MP: 6/6
  1426 | D:2      | 1426 ||| UPGRADING to +1 pair of gloves.
  1431 | D:2      | 1431 ||| READING scroll labelled ASISEW NOABB.
  1432 | D:2      | 1432 ||| READING 3 scrolls labelled AQIB YSOIHI.
  1433 | D:2      | 1433 ||| READING 2 scrolls of identify.
  1433 | D:2      | 1433 ||| IDENTIFYING sedimented ruby potion
  1462 | D:3      | Reached skill level 8 in Ranged Weapons
  1746 | D:3      | Reached XP level 5. HP: 29/29 MP: 7/7
  1797 | D:3      | Noticed Ijyb
  1845 | D:3      | Killed Ijyb
  2066 | D:3      | 2066 ||| READING scroll labelled WYTOKE PIARRUGUH.
  2067 | D:3      | 2067 ||| READING scroll labelled DUOJAE FITIO.
  2068 | D:3      | 2068 ||| READING 3 scrolls of identify.
  2068 | D:3      | 2068 ||| IDENTIFYING fuming ruby potion
  2069 | D:3      | 2069 ||| READING 2 scrolls of identify.
  2069 | D:3      | 2069 ||| IDENTIFYING silvery potion
  2071 | D:3      | 2071 ||| Stepping ~*~*~tactically~*~*~ (cloud).
  2304 | D:4      | Found a glowing golden altar of the Shining One.
  2430 | D:4      | You fall into a shaft and drop 3 floors!
  2431 | D:7      | 2431 ||| PLANNING OSSUARY
  2497 | D:7      | Reached skill level 9 in Ranged Weapons
  2497 | D:7      | 2497 ||| FLEEEEING.
  2501 | D:7      | 2501 ||| FLEEEEING.
  2502 | D:7      | 2502 ||| FLEEEEING.
  2503 | D:7      | 2503 ||| FLEEEEING.
  2504 | D:7      | 2504 ||| FLEEEEING.
  2505 | D:7      | 2505 ||| FLEEEEING.
  2506 | D:7      | 2506 ||| FLEEEEING.
  2507 | D:7      | 2507 ||| FLEEEEING.
  2508 | D:7      | 2508 ||| STAIRDANCE
  2538 | D:6      | 2538 ||| READING scroll labelled OTUUQU YHEUTS.
  2539 | D:6      | 2539 ||| DRINKING 2 inky potions.
  2540 | D:6      | 2540 ||| READING 2 scrolls of identify.
  2540 | D:6      | 2540 ||| IDENTIFYING white potion
  2541 | D:6      | 2541 ||| DROPPING potion of attraction.
  2544 | D:7      | 2544 ||| STAIRDANCE
  2573 | D:7      | 2573 ||| STAIRDANCE
  2611 | D:7      | Noticed a water moccasin
  2617 | D:7      | Killed a water moccasin
  2618 | D:7      | Reached skill level 1 in Armour
  2618 | D:7      | Reached XP level 6. HP: 35/35 MP: 8/8
  2624 | D:7      | 2624 ||| FLEEEEING.
  2625 | D:7      | 2625 ||| FLEEEEING.
  2626 | D:7      | 2626 ||| FLEEEEING.
  2627 | D:7      | 2627 ||| FLEEEEING.
  2628 | D:7      | 2628 ||| STAIRDANCE
  2694 | D:7      | 2694 ||| FLEEEEING.
  2695 | D:7      | 2695 ||| FLEEEEING.
  2696 | D:7      | 2696 ||| FLEEEEING.
  2697 | D:7      | 2697 ||| FLEEEEING.
  2698 | D:7      | 2698 ||| FLEEEEING.
  2699 | D:7      | 2699 ||| STAIRDANCE
  2705 | D:7      | 2705 ||| Stepping ~*~*~tactically~*~*~ (outnumbered).
  2721 | D:7      | 2721 ||| FLEEEEING.
  2722 | D:7      | 2722 ||| STAIRDANCE
  2796 | D:7      | Noticed a sky beast
  2808 | D:7      | Killed a sky beast
  2809 | D:7      | Reached skill level 10 in Ranged Weapons
  2809 | D:7      | Reached XP level 7. HP: 14/40 MP: 9/9
  2954 | D:7      | Found a sand-covered staircase.
  2955 | D:7      | 2955 ||| READING scroll labelled SAESYG WI TISU.
  2961 | Ossuary  | Entered an ossuary
  3100 | Ossuary  | Reached skill level 3 in Dodging
  3265 | Ossuary  | 3265 ||| READING 2 scrolls of identify.
  3265 | Ossuary  | 3265 ||| IDENTIFYING murky emerald potion
  3266 | Ossuary  | 3266 ||| DROPPING potion of berserk rage.
  3280 | D:7      | 3280 ||| PLANNING D:1-11
  3379 | D:6      | Reached skill level 11 in Ranged Weapons
  3405 | D:6      | 3405 ||| READING scroll labelled XESHONISTRA.
  3414 | D:5      | Entered Level 5 of the Dungeon
  3569 | D:4      | Noticed a hornet
  3583 | D:4      | Reached skill level 12 in Ranged Weapons
  3583 | D:4      | Reached XP level 8. HP: 14/44 MP: 10/10
  3584 | D:4      | HP: 10/44 [hornet (2)]
  3585 | D:4      | 3585 ||| READING 2 scrolls of teleportation.
  3586 | D:4      | 3586 ||| DRINKING 6 potions of heal wounds.
  3591 | D:4      | HP: 11/44 [poisoned by a hornet]
  4081 | D:4      | Paralysed by a hornet for 2 turns
  4085 | D:4      | HP: 10/44 [poisoned by a hornet]
  4085 | D:4      | HP: 1/44 [hornet (9)]
  4086 | D:4      | 4086 ||| READING scroll of teleportation.
  4086 | D:4      | Succumbed to a hornet's poison

Levels and vault maps discovered:
D:1:      dpeg_arrival_rooms_b, layout_rooms
D:2:      layout_basic, minmay_misc_feat_rows
D:3:      layout_rooms, uniq_ijyb
D:4:      layout_loops_corners, tso_metal_star
D:5:      layout_rooms, grunt_temple_overflow_open
D:6:      layout_gridville, hangedman_decor_slide_cut, st_stairs_7,
          minmay_crystal_room, dreamdust_princess_corridor
D:7:      layout_loops_ring, minmay_temple_entry_water_ring,
          nicolae_ossuary_entry_plus

Skill      XL: |  1  2  3  4  5  6  7 |
---------------+----------------------+-----
Ranged Weapons | 6 7 8 9 10 12 | 12.1
Fighting       | 2 |  2.2
Armour         | 1 |  1.9
Dodging        | 3 |  3.0
Stealth        | |  1.2

Action                     |  1- 3 |  4- 6 |  7- 9 || total
---------------------------+-------+-------+-------++-------
   Fire: Shortbow          |   129 |   155 |   216 ||   500
    Use: Scroll            |     2 |     9 |     5 ||    16
         Potion            |     2 |     1 |     1 ||     4
 Armour: Leather armour    |     4 |       |       ||     4
         Ring mail         |    12 |    34 |    45 ||    91
  Dodge: Dodged            |    48 |    48 |    48 ||   144

Table legend:
 A = Non-vault XP
 B = Vault XP
 C = Vault XP percentage of total XP
 D = Non-vault monster count
 E = Vault monster count
 F = Vault count percentage of total count
                 A         B        C        D         E       F
            +---------+---------+-------+---------+---------+-------
      Total |    1140 |     300 |  20.8 |      87 |      40 |  31.5
            +---------+---------+-------+---------+---------+-------
        D:1 |      28 |       0 |   0.0 |      16 |       0 |   0.0
        D:2 |      77 |       0 |   0.0 |      23 |       0 |   0.0
        D:3 |      98 |      36 |  26.9 |      22 |       1 |   4.3
        D:4 |     132 |       0 |   0.0 |       6 |       0 |   0.0
        D:5 |     257 |       0 |   0.0 |       4 |       0 |   0.0
        D:6 |     122 |       0 |   0.0 |       6 |       0 |   0.0
        D:7 |     426 |       0 |   0.0 |      10 |       0 |   0.0
    Ossuary |       0 |     264 | 100.0 |       0 |      39 | 100.0
            +---------+---------+-------+---------+---------+-------
